 Dungeon Crawl Stone Soup version 0.31.0-32-g396128a36d (webtiles) character file.

Game seed: 11267122986233093785

1591665 LordWeiramon the Cutthroat (level 27, 179/179 HPs)
             Began as a Kobold Earth Elementalist on Mar 18, 2024.
             Was the Champion of Ashenzari.
             Escaped with the Orb
             ... and 3 runes on Mar 19, 2024!
             The game lasted 06:17:00 (83169 turns).

LordWeiramon the Cutthroat (KoEE)                  Turns: 83169, Time: 06:17:00

Health: 179/179    AC: 25    Str: 13    XL:     27
Magic:  54/54      EV: 43    Int: 20    God:    Ashenzari [******]
Gold:   4859       SH: 30    Dex: 26    Spells: 43/53 levels left

rFire   + + .        a - +9 rapier of Supernal Understanding {elec, Fort, Cun} (curse)
rCold   + . .        W - +5 kite shield of Ashenzari's Urgency {rC+, Dev, Fort} (curse)
rNeg    + . .        P - +5 moon troll leather armour {Spirit, Regen++ MP+5, Fort, Elem} (curse)
rPois   +            o - +2 helmet "Share My Annoyance" {Dev, Cun} (curse)
rElec   +            L - +2 cloak "Chained Together" {rPois, Bglg, Self} (curse)
rCorr   +            E - +0 pair of gloves "Share My Elitism" {hurl, Melee, Dev} (curse)
SInv    +            j - +2 pair of boots of the All-seeing Sun {Fly, Self, Fort} (curse)
Will    +++..        p - amulet "Chained Together" {Reflect SH+5, Fort, Elem} (curse)
Stlth   ++++         O - ring "Gaze Upon Infinity" {rElec rC+ rCorr Int+6, Fort, Comp} (curse)
HPRegen 2.89/turn    H - ring of Ashenzari's Omen {rF++ rN+ MP+9 Str+6 Int-4, Fort, Melee} (curse)
MPRegen 0.34/turn

%: reflection, clarity, guardian spirit
@: flying, hasted, studying 3 skills, very quick
A: small, no large weapons, nightstalker 3, hooves 1, frail 1, strong-willed 1,
regeneration 1, cold vulnerability 1
0: Orb of Zot
}: 3/15 runes: serpentine, barnacled, silver
a: Renounce Religion, Shatter the Chains


You escaped.
You worshipped Ashenzari.
Ashenzari was exalted by your worship.
You visited 10 branches of the dungeon, and saw 48 of its levels.
You visited 1 bazaar.
You also visited: Trove, Bailey, Ice Cave, Wizlab and Desolation.

You collected 10417 gold pieces.
You spent 5558 gold pieces at shops.

Inventory:

Hand Weapons
 a - the cursed +9 rapier of Supernal Understanding (weapon) {elec, Fort, Cun}
   (You took it off Nikola on level 4 of the Shoals)

   It has a curse which improves the following skills: Fortitude: Armour and
   Shields.
   Cunning:   Dodging and Stealth.
 b - a +6 quick blade of protection
Missiles
 v - 33 poisoned darts
 N - 5 throwing nets (quivered)
Armour
 j - the cursed +2 pair of boots of the All-seeing Sun (worn) {Fly, Self, Fort}
   (You bought it in a shop on level 2 of the Orcish Mines)

   It has a curse which improves the following skills: Introspection: Fighting
   and Spellcasting.
   Fortitude: Armour and Shields.
 o - the cursed +2 helmet "Share My Annoyance" (worn) {Dev, Cun}
   (You took it off Robin on level 2 of the Dungeon)

   It has a curse which improves the following skills: Devices: Evocations and
   Shapeshifting.
   Cunning:   Dodging and Stealth.
 E - the cursed +0 pair of gloves "Share My Elitism" (worn) {hurl, Melee, Dev}
   (You found it in a bailey)

   It has a curse which improves the following skills: Melee Combat: Short
   Blades, Long Blades, Axes, Maces & Flails, Polearms, Staves and Unarmed
   Combat.
   Devices:   Evocations and Shapeshifting.
 L - the cursed +2 cloak "Chained Together" (worn) {rPois, Bglg, Self}
   (You found it on level 4 of the Shoals)

   It has a curse which improves the following skills: Beguiling: Hexes and
   Translocations.
   Introspection: Fighting and Spellcasting.
 P - the cursed +5 moon troll leather armour (worn) {Spirit, Regen++ MP+5, Fort, Elem}
   (You took it off a moon troll in a wizard's laboratory)

   MP+5:      It affects your magic capacity (+5).
   Regen++:   It increases your rate of health regeneration.
   It has a curse which improves the following skills: Fortitude: Armour and
   Shields.
   Elements:  Fire Magic, Ice Magic, Air Magic and Earth Magic.
 W - the cursed +5 kite shield of Ashenzari's Urgency (worn) {rC+, Dev, Fort}
   (You found it in an ice cave)

   It has a curse which improves the following skills: Devices: Evocations and
   Shapeshifting.
   Fortitude: Armour and Shields.
Jewellery
 p - the cursed amulet "Chained Together" (around neck) {Reflect SH+5, Fort, Elem}
   (You bought it in a shop on level 4 of the Dungeon)

   [amulet of reflection]

   Reflect:   It reflects blocked missile attacks.
   SH+5:      It affects your SH (+5).
   It has a curse which improves the following skills: Fortitude: Armour and
   Shields.
   Elements:  Fire Magic, Ice Magic, Air Magic and Earth Magic.
 H - the cursed ring of Ashenzari's Omen (right hand) {rF++ rN+ MP+9 Str+6 Int-4, Fort, Melee}
   (You found it in a treasure trove)

   [ring of strength]

   Str+6:     It affects your strength (+6).
   Int-4:     It affects your intelligence (-4).
   rF++:      It greatly protects you from fire.
   rN+:       It protects you from negative energy.
   MP+9:      It affects your magic capacity (+9).
   It has a curse which improves the following skills: Fortitude: Armour and
   Shields.
   Melee Combat: Short Blades, Long Blades, Axes, Maces & Flails, Polearms,
   Staves and Unarmed Combat.
 O - the cursed ring "Gaze Upon Infinity" (left hand) {rElec rC+ rCorr Int+6, Fort, Comp}
   (You found it in the Desolation of Salt)

   [ring of intelligence]

   Int+6:     It affects your intelligence (+6).
   rC+:       It protects you from cold.
   rElec:     It insulates you from electricity.
   rCorr:     It protects you from acid and corrosion.
   It has a curse which improves the following skills: Fortitude: Armour and
   Shields.
   Companions: Summonings and Necromancy.
Wands
 q - a wand of light (5)
 r - a wand of digging (6)
 t - a wand of mindburst (38)
 x - a wand of charming (75)
 B - a wand of flame (60)
 M - a wand of roots (57)
Scrolls
 c - 15 scrolls of fear
 e - 22 scrolls of teleportation
 h - 3 scrolls of enchant armour
 m - 6 scrolls of revelation
 s - 8 scrolls of blinking
 w - 13 scrolls of fog
 y - 11 scrolls of poison
 z - 4 scrolls of noise
 C - 3 scrolls of silence
 Q - 4 scrolls of enchant weapon
 R - 8 scrolls of vulnerability
 Y - 3 scrolls of butterflies
Potions
 d - 5 potions of resistance
 f - 5 potions of invisibility
 g - 14 potions of heal wounds
 i - 9 potions of magic
 k - 16 potions of mutation
 n - a potion of berserk rage
 u - 7 potions of enlightenment
 A - 16 potions of curing
 G - 4 potions of haste
 J - 9 potions of might
Miscellaneous
 l - a tin of tremorstones (2/2)
 F - a phial of floods
 S - a sack of spiders
 U - a phantom mirror
 Z - a lightning rod (4/4)


   Skills:
 - Level 25.7(27) Fighting
 - Level 25.9(27) Short Blades
 - Level 8.0 Throwing
 + Level 14.9(23.2) Armour
 - Level 24.0(27) Dodging
 - Level 23.9(27) Stealth
 - Level 17.1(25.3) Shields
 - Level 10.0(13.6) Spellcasting
 - Level 1.0 Conjurations
 - Level 10.1(12.5) Hexes
 - Level 5.4(8.9) Ice Magic
 - Level 10.0(13.6) Air Magic
 - Level 5.6(9.2) Earth Magic
 - Level 19.6(24.0) Evocations


You had 43 spell levels left.
You knew the following spells:

 Your Spells              Type           Power      Damage    Failure   Level
b - Passwall              Erth           50%        N/A       1%          3
c - Ensorcelled Hibernat  Hex/Ice        100%       N/A       1%          2
s - Silence               Hex/Air        30%        N/A       1%          5

Your spell library contained the following spells:

 Spells                   Type           Power      Damage    Failure   Level
 Freeze                   Ice            100%       1d10      1%          1
 Sandblast                Erth           100%       2d20      1%          1
 Shock                    Conj/Air       100%       1d9       1%          1
 Cigotuvi's Dreadful Rot  Necr/Alch/Air  64%        N/A       1%          2
 Jinxbite                 Hex            100%       N/A       1%          2
 Mercury Vapours          Alch/Air       80%        N/A       1%          2
 Dazzling Flash           Conj/Hex       80%        N/A       1%          3
 Frozen Ramparts          Ice            98%        1d15      1%          3
 Inner Flame              Hex/Fire       39%        N/A       1%          3
 Ozocubu's Armour         Ice            49%        N/A       1%          3
 Swiftness                Air            61%        N/A       1%          3
 Tukima's Dance           Hex            59%        N/A       1%          3
 Airstrike                Air            30%        2d(5-21)  1%          4
 Cause Fear               Hex            29%        N/A       1%          4
 Metabolic Englaciation   Hex/Ice        27%        N/A       1%          5
 Hailstorm                Conj/Ice       33%        3d8       2%          3
 Mephitic Cloud           Conj/Alch/Air  33%        N/A       2%          3
 Stone Arrow              Conj/Erth      68%        3d11      2%          3
 Summon Ice Beast         Ice/Summ       32%        N/A       2%          3
 Vhi's Electric Charge    Tloc/Air       82%        N/A       3%          4
 Foxfire                  Conj/Fire      64%        2x1d7     4%          1
 Kiss of Death            Conj/Necr      64%        2d10      4%          1
 Magic Dart               Conj           68%        1d6       4%          1
 Sting                    Conj/Alch      60%        1d6       4%          1
 Anguish                  Hex/Necr       19%        N/A       4%          4
 Dimensional Bullseye     Hex/Tloc       19%        N/A       4%          4
 Apportation              Tloc           28%        N/A       5%          1
 Necrotise                Necr           56%        1d6       5%          1
 Summon Small Mammal      Summ           56%        N/A       5%          1
 Searing Ray              Conj           34%        2d5       6%          2
 Freezing Cloud           Conj/Ice/Air   22%        6-21      6%          5
 Momentum Strike          Conj/Tloc      32%        3d8       7%          2
 Brom's Barrelling Bould  Conj/Erth      34%        2d5       7%          4
 Blink                    Tloc           28%        N/A       8%          2
 Call Imp                 Summ           28%        N/A       8%          2
 Lesser Beckoning         Tloc           28%        N/A       8%          2
 Scorch                   Fire           30%        2d6       8%          2
 Sublimation of Blood     Necr           14%        N/A       8%          2
 Animate Armour           Summ/Erth      64%        N/A       9%          4
 Leda's Liquefaction      Alch/Erth      16%        N/A       9%          4
 Petrify                  Alch/Erth      32%        N/A       9%          4
 Arcjolt                  Conj/Air       21%        1d31      9%          5
 Summon Mana Viper        Hex/Summ       39%        N/A       12%         5
 Yara's Violent Unravell  Hex/Alch       19%        3d9       12%         5
 Fugue of the Fallen      Necr           14%        N/A       16%         3
 Gell's Gravitas          Tloc           14%        N/A       16%         3
 Teleport Other           Tloc           14%        N/A       16%         3
 Vampiric Draining        Necr           14%        2d7       16%         3
 Volatile Blastmotes      Fire/Tloc      30%        2d12      16%         3
 Borgnjor's Vile Clutch   Necr/Erth      16%        N/A       24%         5
 Enfeeble                 Hex            29%        N/A       28%         7
 Flame Wave               Conj/Fire      16%        2d7       41%         4
 Iskenderun's Mystic Bla  Conj/Tloc      16%        2d5       41%         4
 Conjure Ball Lightning   Conj/Air       21%        3x3d6     41%         6
 Fulminant Prism          Conj/Alch      7%         3d7       43%         4
 Animate Dead             Necr           14%        N/A       45%         4
 Manifold Assault         Tloc           14%        N/A       45%         4
 Passage of Golubria      Tloc           14%        N/A       45%         4
 Summon Blazeheart Golem  Fire/Summ      15%        N/A       45%         4
 Plasma Beam              Fire/Air       20%        2x1d32    45%         6
 Ignite Poison            Fire/Alch      14%        N/A       47%         4
 Sticky Flame             Fire/Alch      14%        2d5       47%         4
 Olgreb's Toxic Radiance  Alch           13%        N/A       52%         4
 Iskenderun's Battlesphe  Conj           17%        2d7       73%         5
 Bombard                  Conj/Erth      17%        9d3       73%         6
 Fireball                 Conj/Fire      8%         3d6       77%         5
 Ozocubu's Refrigeration  Ice            24%        4d12      77%         7
 Curse of Agony           Necr           14%        N/A       82%         5
 Summon Forest            Summ/Tloc      7%         N/A       82%         5
 Sculpt Simulacrum        Ice/Alch       15%        N/A       82%         6
 Maxwell's Capacitive Co  Air            30%        ∞         82%         8
 Discord                  Hex            29%        N/A       92%         8
 Dispersal                Tloc           7%         N/A       100%        6
 Starburst                Conj/Fire      8%         6d4       100%        6
 Summon Cactus Giant      Summ           7%         N/A       100%        6
 Haunt                    Necr/Summ      7%         N/A       100%        7
 Monstrous Menagerie      Summ           7%         N/A       100%        7
 Orb of Destruction       Conj           8%         9d6       100%        7
 Spellforged Servitor     Conj/Summ      8%         N/A       100%        7
 Borgnjor's Revivificati  Necr           7%         N/A       100%        8
 Disjunction              Tloc           7%         N/A       100%        8
 Ignition                 Fire           7%         3d5       100%        8
 Infestation              Necr           7%         N/A       100%        8
 Lehudib's Crystal Spear  Conj/Erth      17%        10d5      100%        8
 Chain Lightning          Conj/Air       21%        3d28      100%        9
 Death's Door             Necr           7%         N/A       100%        9
 Dragon's Call            Summ           7%         N/A       100%        9
 Fire Storm               Conj/Fire      8%         8d2       100%        9
 Polar Vortex             Ice            24%        12d3*     100%        9


Dungeon Overview and Level Annotations

Branches:
Dungeon (15/15)            Temple (1/1) D:5            Lair (5/5) D:9
 Shoals (4/4) Lair:3        Snake (4/4) Lair:3        Slime (0/5) Lair:5
    Orc (2/2) D:12            Elf (3/3) Orc:2        Vaults (5/5) D:14
  Crypt (0/3) Vaults:2     Depths (4/4) D:15            Zot (5/5) Depths:4
 Bailey (visited)           IceCv (visited)          WizLab (visited)
Desolation (visited)

Altars:
Ashenzari
Cheibriados
Dithmenos
Elyvilon
Fedhas
Gozag
Hepliaklqana
Kikubaaqudgha
Makhleb
Nemelex Xobeh
Okawaru
Qazlal
Ru
Sif Muna
Trog
Uskayaw
Vehumet
Wu Jian
Xom
Yredelemnul
Zin
The Shining One

Shops:
D:4 *   Orc:2 ?[!([   Elf:1 (   Elf:2 :   Shoals:1 :   Shoals:4 :   Snake:3 [
Vaults:1 (   Vaults:4 :   Depths:4 (

Portals:
Hell: Depths:1 Depths:2 Depths:3 Depths:4
Abyss: Depths:3 Depths:4
Pandemonium: Depths:2
Ziggurat: Depths:2

Annotations:
Snake:3 Hirghin's ghost, adept DrBe


Innate Abilities, Weirdness & Mutations

You are small and have problems with some larger weapons.
You are completely attuned to the shadows.
You have large cloven feet.
You are frail. (-10% HP)
You are strong-willed. (Will+)
Your natural rate of healing is unusually fast.
You are vulnerable to cold. (rC-)


Message History

You block the Orb Guardian's attack.
You impale the Orb Guardian!!
You kill the Orb Guardian!
A hell hound comes into view.
A hell hound comes into view.
A hell hound comes into view.
The hell hound attacks as it pursues you!
You block the hell hound's attack. The hell hound breathes flames at you.
The blast of flame hits the hell hound.
The hell hound completely resists.
The blast of flame misses you. You block the hell hound's attack.
You block the hell hound's attack. You block the hell hound's attack.
The hell hound attacks as it pursues you!
You block the hell hound's attack. The hell hound breathes flames at you.
The blast of flame hits the hell hound.
The hell hound completely resists.
The blast of flame misses you. You block the hell hound's attack.
The hell hound breathes flames at you. The blast of flame misses you.
You hear a hideous shriek!
The hell hound breathes flames at you. The blast of flame misses you.
You block the hell hound's attack.
A hell beast comes into view.
The hell hound breathes flames at you. The blast of flame misses you.
The hell hound attacks as it pursues you!
You block the hell hound's attack.
You feel yourself speed up. You block the hell hound's attack. x2
The hell hound attacks as it pursues you!
You block the hell hound's attack.
The hell hound attacks as it pursues you!
You block the hell hound's attack.
The hell hound attacks as it pursues you!
You block the hell hound's attack.
There is a staircase leading out of the dungeon here.
You have escaped!

♣♣♣♣♣♣ ****
♣♣♣♣♣♣P.♣P♣♣♣ **~~*
♣♣...P..♣....♣♣*~~~*
♣♣..@..♣♣♣♣♣.♣.♣**~≈≈
♣......♣ ♣♣.♣♣ **♣≈
♣♣♣..♣.♣ ♣♣.♣ ♣♣
♣♣..♣♣ ♣♣.♣♣ ♣♣.♣♣
♣.♣♣ ♣..♣ ♣..♣♣♣ ♣.♣♣
♣♣♣..♣♣ ♣ ♣.♣ ♣♣♣.♣♣
♣♣ ♣.♣♣♣ ♣♣.♣♣♣.


There were no monsters in sight!

Vanquished Creatures
  2 ancient liches
  3 dread liches
  2 juggernauts (Depths:3)
  An orb of fire (Zot:5)
  Vv (Depths:4)
  Boris (twice) (Vaults:2 Vaults:4)
  5 Killer Klowns
  Bai Suzhen (Vaults:2)
  Vashnia (Snake:3)
  16 golden dragons
  6 curse toes
  Nikola (Shoals:4)
  A bone dragon (Depths:4)
  Norris (Vaults:2)
  A Brimstone Fiend (Zot:2)
  21 tentacled monstrosities
  An electric golem (Zot:5)
  2 walking crystal tomes (Depths:2)
  Jorgrun (Orc:1)
  24 Orb Guardians
  Asterion (Snake:1)
  A walking earthen tome (Depths:3)
  A moon troll (WizLab)
  Rupert (Lair:5)
  3 krakens
  2 deep elf blademasters (Elf:3)
  6 liches
  A deep elf master archer (Elf:3)
  9 quicksilver dragons
  A walking divine tome (Depths:2)
  Polyphemus (Shoals:3)
  7 titans
  Frances (Snake:1)
  The ghost of toastdancer the Thaumaturge, an adept GnHW of Zin (Shoals:4)
  8 sphinxes
  Agnes (Snake:2)
  An Executioner (Zot:1)
  9 tentacled starspawn (WizLab)
  9 shadow dragons
  11 death cobs
  17 storm dragons
  The ghost of cdecastro the Severer, an adept HuIE of Okawaru (Shoals:4)
  4 tengu reavers
  Donald (Vaults:2)
  9 draconian monks
  Aizul (Elf:1)
  Roxanne (Shoals:1)
  Ilsuiw (Shoals:4)
  7 nagarajas (Snake:4)
  6 draconian knights
  10 protean progenitors
  16 fire giants
  19 frost giants
  The ghost of barkas the Spear-Bearer, a journeyman CeMo of Okawaru (Orc:1)
  10 draconian shifters
  3 deep elf elementalists
  9 deep elf sorcerers
  3 iron dragons (Depths:3)
  10 draconian scorchers
  A balrug (Depths:1)
  3 ghost moths
  4 spectral caustic shrikes (Depths:2)
  3 imperial myrmidons (Desolation)
  22 vault wardens
  2 orc warlords
  3 spriggan defenders (Depths:3)
  8 draconian stormcallers
  A cacodemon (WizLab)
  25 very ugly things
  6 vampire knights
  A formless jellyfish (Vaults:2)
  3 ironbound thunderhulks
  34 stone giants
  8 black draconians
  11 green draconians
  9 draconian annihilators
  6 grey draconians (Zot:4)
  22 ironbound preservers
  3 deep elf death magi
  9 deep elf demonologists
  18 purple draconians
  7 white draconians
  2 halazid warlocks (Desolation)
  2 war gargoyles
  7 yellow draconians
  16 deep elf annihilators
  20 red draconians
  11 dire elephants
  5 spark wasps
  10 merfolk impalers
  11 merfolk javelineers
  12 deep elf high priests
  32 ettins
  17 fire dragons
  Josephine (Lair:3)
  2 entropy weavers
  14 yaktaur captains
  5 crystal guardians
  10 ragged hierophants
  40 vault guards
  The ghost of Dungobob the Cleaver, a journeyman HOFi of Trog (Lair:2)
  6 rakshasas
  9 ice dragons
  3 spriggan air magi
  11 servants of whispers
  11 great orbs of eyes
  2 salamander tyrants
  9 peacekeepers
  4 ogre magi
  7 hydras
  10 centaur warriors
  7 catoblepae
  5 boulder beetles
  6 anacondas
  5 satyrs
  4 merfolk avatars
  7 merfolk aquamancers
  8 ironbound frosthearts
  3 alligator snapping turtles
  9 two-headed ogres
  18 naga sharpshooters
  9 tengu warriors
  6 deep troll shamans
  16 death yaks
  34 dancing weapons
  2 death knights
  4 orc high priests
  3 shock serpents
  18 naga warriors
  11 deep troll earth magi
  An occultist (D:13)
  4 sun demons
  2 vampire magi (Depths:2)
  5 spriggans
  12 hell knights
  14 deep elf knights
  8 spriggan berserkers
  8 skysharks
  2 wretched stars (WizLab)
  2 salamander mystics
  7 iron trolls
  A skeletal warrior (D:10)
  A spectral anaconda (Lair:5)
  2 mana vipers
  A shadow demon (Depths:2)
  13 glowing orange brains
  11 arcanists
  An orange crystal statue (WizLab)
  48 deep trolls
  17 sea snakes
  3 flayed ghosts (Depths:2)
  2 naga ritualists
  A mana viper (shapeshifter) (Elf:2)
  7 phantasmal warriors
  11 necromancers
  7 deep elf archers
  33 ironbound convokers
  17 lindwurms
  A tengu zombie (Depths:1)
  8 harpies
  13 orc knights
  28 deep elf pyromancers
  An obsidian statue (Lair:5)
  20 deep elf zephyrmancers
  56 ugly things
  14 manticores
  30 cyclopes
  A stone giant zombie (Depths:1)
  16 salamanders
  10 orc sorcerers
  2 oklob plants
  15 fauns
  3 meliai (D:14)
  13 elephants
  5 merfolk sirens
  9 water nymphs
  35 moths of wrath
  33 black mambas
  13 guardian serpents
  2 dire elephant zombies (Lair:5)
  5 kobold blastminers
  A torpor snail (Lair:1)
  An ice statue (IceCv)
  Joseph (D:12)
  2 eyes of devastation (shapeshifter)
  A smoke demon (Depths:1)
  9 naga magi
  8 eyes of devastation
  15 vault sentinels
  2 large abominations (Zot:1)
  A torpor snail (shapeshifter) (Vaults:4)
  4 gargoyles
  An unseen horror (D:12)
  A kobold demonologist (D:12)
  An unseen horror (shapeshifter) (D:10)
  An anaconda simulacrum (IceCv)
  38 yaktaurs
  13 cane toads
  8 komodo dragons
  5 rime drakes
  2 efreet
  4 tengu conjurers
  7 freezing wraiths
  12 ice devils (IceCv)
  13 hornets
  48 merfolk
  9 trolls
  A merfolk (shapeshifter) (Vaults:5)
  20 blink frogs
  5 polar bears
  5 wind drakes
  2 tyrant leeches (Zot:4)
  7 snapping turtles
  75 saltlings
  19 dream sheep
  A glass eye (Depths:4)
  30 slime creatures
  A slime creature (shapeshifter) (Vaults:5)
  A spectral black mamba (Snake:3)
  2 centaur simulacra
  4 air elementals
  2 shock serpent simulacra (Snake:3)
  58 yaks
  A yak (shapeshifter) (Elf:2)
  2 vampires
  15 water elementals
  A shadow (D:11)
  4 dire elephant simulacra (IceCv)
  7 fire elementals
  10 wraiths
  5 wargs
  5 wyverns
  3 death yak simulacra (IceCv)
  A hog (shapeshifter) (D:14)
  A fire bat (shapeshifter) (Vaults:5)
  A redback (Vaults:2)
  2 steam dragons
  10 vampire mosquitoes
  5 basilisks
  Menkaure (D:5)
  3 swamp worms (Zot:4)
  27 nagas
  An acid dragon (D:11)
  16 water moccasins
  2 hydra simulacra (IceCv)
  3 spectral nagas (Snake:3)
  A meliai simulacrum (D:13)
  27 orc warriors
  A sky beast (D:8)
  A black bear (shapeshifter) (D:12)
  A black bear (D:7)
  2 ice beasts
  A black mamba simulacrum (Snake:3)
  14 ogres
  An elephant zombie (Lair:5)
  19 wolves
  An elephant skeleton (Lair:5)
  5 centaurs
  2 phantoms
  Blork the orc (D:6)
  2 brain worms
  A kobold brigand (D:8)
  16 bullfrogs
  14 scorpions
  3 gnoll sergeants
  2 cane toad simulacra (IceCv)
  8 wights
  6 killer bees
  5 elephant simulacra
  3 electric eels
  7 howler monkeys
  10 vampire bats (Bailey)
  2 wolf zombies (Bailey)
  6 jellies
  2 hounds
  26 orc priests
  A sleepcap (D:7)
  Natasha (thrice) (D:4)
  2 iguanas (D:5)
  27 orc wizards
  2 scorpion zombies (D:4)
  6 polar bear simulacra (IceCv)
  A spriggan simulacrum (IceCv)
  2 troll simulacra (IceCv)
  5 wolf simulacra (IceCv)
  2 hound zombies (D:4)
  Robin (D:2)
  24 gnolls
  2 naga simulacra (Snake:3)
  6 adders
  A shadow imp (D:6)
  7 white imps
  5 ufetubi
  A ribbon worm (D:2)
  4 dart slugs
  82 orcs
  10 ball pythons
  2 bats (D:1)
  13 endoplasms
  11 giant cockroaches
  18 goblins
  9 hobgoblins
  8 jackals
  2 quokkas
  4 frilled lizards
  10 kobolds
  23 orc zombies (Bailey)
  8 rats
  2 aspiring fleshes
  17 butterflies
  3 starspawn tentacles (WizLab)
  4 tentacles (Shoals:4)
2630 creatures vanquished.

Vanquished Creatures (collateral kills)
  A juggernaut (Depths:3)
  A golden dragon (Zot:3)
  A tentacled monstrosity (Depths:3)
  A storm dragon (Depths:3)
  A frost giant (Depths:3)
  A deep elf elementalist (Elf:3)
  A black draconian (Zot:3)
  A hydra (D:12)
  A deep elf high priest (Vaults:5)
  3 hell knights (Depths:3)
  4 fauns (Shoals:2)
  2 merfolk (Shoals:2)
  A blink frog (shapeshifter) (D:12)
19 creatures vanquished.

Vanquished Creatures (others)
  A moth of wrath (Zot:3)
  An unseen horror (D:12)
  2 orcs (D:15)
  A spectral weapon (Lair:5)
  12 starspawn tentacles (WizLab)
  18 tentacles
35 creatures vanquished.

Grand Total: 2684 creatures vanquished

Notes
Turn   | Place    | Note
-------+----------+-------------------------------------------
     0 | D:1      | LordWeiramon the Kobold Earth Elementalist began the quest
                  | for the Orb.
     0 | D:1      | Reached XP level 1. HP: 10/10 MP: 3/3
   120 | D:1      | Reached skill level 1 in Short Blades
   143 | D:1      | Reached skill level 1 in Fighting
   143 | D:1      | Reached XP level 2. HP: 16/16 MP: 0/5
   541 | D:1      | Reached XP level 3. HP: 21/21 MP: 4/6
  1420 | D:2      | Reached XP level 4. HP: 28/28 MP: 4/7
  2068 | D:2      | Learned a level 3 spell: Passwall
  2114 | D:2      | Noticed Robin
  2324 | D:2      | Killed Robin
  2325 | D:2      | Reached XP level 5. HP: 18/32 MP: 8/8
  2532 | D:2      | Found a faded altar of an unknown god.
  3189 | D:3      | Found a shadowy altar of Dithmenos.
  3268 | D:3      | Found a glowing silver altar of Zin.
  3310 | D:3      | Reached skill level 5 in Short Blades
  3601 | D:4      | Noticed a phantom
  3629 | D:4      | Killed a phantom
  3630 | D:4      | Reached XP level 6. HP: 32/37 MP: 9/9
  3774 | D:4      | Noticed an ogre
  3981 | D:4      | Noticed an ogre
  3983 | D:4      | Killed an ogre
  3984 | D:4      | Reached XP level 7. HP: 41/41 MP: 10/10
  4223 | D:4      | Noticed a water moccasin
  4279 | D:4      | Found a white marble altar of Elyvilon.
  4328 | D:4      | Found Ruth's Neck Hole.
  4331 | D:4      | Bought a +0 cloak for 49 gold pieces
  4338 | D:4      | Noticed Natasha
  4339 | D:4      | Killed Natasha
  4406 | D:4      | Reached skill level 5 in Stealth
  4589 | D:4      | Noticed Natasha
  4606 | D:4      | Killed Natasha
  4733 | D:5      | Entered Level 5 of the Dungeon
  4771 | D:5      | Found a shimmering altar of Xom.
  4773 | D:5      | Found a shimmering altar of Xom.
  4773 | D:5      | Found a shimmering altar of Xom.
  4773 | D:5      | Found a shimmering altar of Xom.
  4776 | D:5      | Reached skill level 5 in Dodging
  4776 | D:5      | Reached XP level 8. HP: 46/46 MP: 11/11
  4812 | D:5      | Noticed Menkaure
  4815 | D:5      | Killed Menkaure
  4849 | D:5      | Reached skill level 5 in Fighting
  4932 | D:5      | Found a staircase to the Ecumenical Temple.
  4938 | Temple   | Entered the Ecumenical Temple
  5813 | D:6      | Noticed Blork the orc
  5817 | D:6      | Killed Blork the orc
  5818 | D:6      | Reached skill level 10 in Short Blades
  5818 | D:6      | Reached XP level 9. HP: 54/54 MP: 12/12
  6121 | D:6      | Reached skill level 1 in Throwing
  6364 | D:4      | Noticed Natasha
  6376 | D:4      | Killed Natasha
  6953 | D:7      | Found a flagged portal.
  6960 | Bailey   | Entered a bailey
  7270 | Bailey   | Noticed a gargoyle
  7274 | Bailey   | Killed a gargoyle
  7275 | Bailey   | Reached skill level 10 in Dodging
  7275 | Bailey   | Reached XP level 10. HP: 59/59 MP: 13/13
  7438 | Bailey   | Identified the +5 halberd of Kismet {freeze, rC+ Will+
                  | Dex+2}
  7615 | D:7      | Found a sacrificial altar of Ru.
  7701 | D:7      | Found a runed translucent door.
  7766 | D:7      | Found a runed translucent door.
  7846 | D:7      | Found a hazy altar of Hepliaklqana.
  8248 | D:7      | Reached skill level 10 in Stealth
  8716 | D:8      | Reached skill level 1 in Armour
  8739 | D:8      | Found a radiant altar of Vehumet.
  8923 | D:8      | Found a hide-covered altar of Uskayaw.
  8923 | D:8      | Noticed a +0 hand axe
  8927 | D:8      | Noticed a +0 hand axe
  9259 | D:8      | Reached XP level 11. HP: 63/63 MP: 14/14
  9276 | D:8      | Found a broken altar of Ashenzari.
  9294 | D:8      | Became a worshipper of Ashenzari the Shackled
  9812 | D:9      | Reached skill level 5 in Armour
  9988 | D:9      | Reached skill level 1 in Evocations
 10220 | D:9      | Reached skill level 5 in Evocations
 10296 | D:9      | Reached * piety under Ashenzari
 10538 | D:9      | Found a staircase to the Lair.
 10600 | D:10     | Entered Level 10 of the Dungeon
 10885 | D:10     | Noticed a two-headed ogre
 10913 | D:10     | Killed a two-headed ogre
 10995 | D:10     | Reached ** piety under Ashenzari
 11395 | D:10     | Noticed a skeletal warrior
 11395 | D:10     | Noticed a death knight
 11570 | Lair:1   | Entered Level 1 of the Lair of Beasts
 11573 | Lair:1   | Noticed a boulder beetle
 11595 | Lair:1   | Killed a boulder beetle
 12093 | Lair:1   | Reached *** piety under Ashenzari
 12114 | Lair:1   | Reached skill level 5 in Shields
 12184 | Lair:1   | Reached XP level 12. HP: 73/73 MP: 17/17
 12234 | Lair:1   | Reached skill level 5 in Earth Magic
 12503 | Lair:1   | Noticed a catoblepas
 12561 | Lair:1   | Killed a catoblepas
 12772 | Lair:1   | Reached skill level 5 in Throwing
 12781 | Lair:2   | Paralysed by a hornet for 1 turns
 12879 | Lair:2   | Found a runed translucent gate.
 12880 | Lair:2   | Found a runed translucent gate.
 12881 | Lair:2   | Found a runed translucent gate.
 13081 | Lair:1   | Reached **** piety under Ashenzari
 13703 | Lair:2   | Noticed a catoblepas
 13759 | Lair:2   | Killed a catoblepas
 13760 | Lair:2   | Reached XP level 13. HP: 85/85 MP: 19/19
 14517 | Lair:2   | Noticed Dungobob's ghost (journeyman HOFi)
 14521 | Lair:2   | Killed Dungobob's ghost
 14748 | Lair:3   | Identified the +4 rapier "Kuus" {venom, rPois}
 14758 | Lair:3   | Found a staircase to the Snake Pit.
 14863 | Lair:3   | Noticed a five-headed hydra
 14991 | Lair:3   | Killed a five-headed hydra
 15389 | Lair:3   | Found a staircase to the Shoals.
 15452 | Lair:3   | Reached ***** piety under Ashenzari
 15549 | Lair:3   | Noticed Josephine
 15549 | Lair:3   | Killed Josephine
 16743 | Lair:4   | Reached XP level 14. HP: 92/92 MP: 20/20
 17033 | Lair:4   | Identified the +1 robe of the Weaver {-Cast rCorr Dex+3}
 17524 | Lair:5   | Entered Level 5 of the Lair of Beasts
 17831 | Lair:4   | Reached skill level 15 in Stealth
 18505 | Lair:5   | Reached skill level 15 in Short Blades
 18561 | Lair:5   | Noticed Rupert
 18561 | Lair:5   | Killed Rupert
 18978 | Lair:5   | Found a staircase to the Slime Pits.
 19472 | Lair:5   | Reached XP level 15. HP: 72/96 MP: 21/21
 19880 | Lair:5   | Learned a level 2 spell: Ensorcelled Hibernation
 20209 | Lair:5   | Reached skill level 1 in Hexes
 20209 | Lair:5   | Reached skill level 1 in Ice Magic
 21372 | D:6      | Identified the +4 rapier "Kuus" {venom, rPois}
 21949 | D:12     | Reached skill level 5 in Spellcasting
 22081 | D:12     | Noticed a tengu reaver
 22286 | D:12     | Reached skill level 5 in Hexes
 22286 | D:12     | Reached skill level 5 in Ice Magic
 22438 | D:12     | Identified the +8 hand axe "Gor Bott" {spect, rCorr Str+3}
 22756 | D:12     | Reached XP level 16. HP: 101/101 MP: 29/29
 22778 | D:12     | Found a staircase to the Orcish Mines.
 22884 | D:12     | Noticed Joseph
 22888 | D:12     | Killed Joseph
 23202 | D:13     | Found a frozen archway.
 23212 | IceCv    | Entered an ice cave
 23566 | IceCv    | Found an ancient bone altar of Kikubaaqudgha.
 23700 | IceCv    | Reached skill level 10 in Evocations
 24153 | IceCv    | Identified the Secrets of Hoarfrost and the Mausoleum
 24255 | D:13     | Noticed Sonja
 24257 | D:13     | Sonja changed into Sonja the brain worm
 24257 | D:13     | Noticed Sonja
 24258 | D:13     | Killed Sonja the brain worm
 25527 | D:14     | Identified the +10 long sword of Trauma {spect, rElec Int+2
                  | Dex+2}
 25545 | D:14     | Found a gate to the Vaults.
 25752 | D:14     | Identified the staff of Giefik {^Drain rElec rN+ Stlth+
                  | Hexes Necro}
 26491 | D:14     | Noticed a fire giant
 26659 | D:14     | Killed a fire giant
 26792 | D:15     | Entered Level 15 of the Dungeon
 26822 | D:15     | Identified the +7 long sword "Qelaib" {spect, *Corrode
                  | rN++}
 26852 | D:15     | Reached XP level 17. HP: 106/106 MP: 29/29
 27221 | D:15     | Found a staircase to the Depths.
 28054 | D:10     | Reached skill level 15 in Dodging
 28592 | D:10     | Found an iron altar of Okawaru.
 28592 | D:10     | Found a bloodstained altar of Trog.
 28597 | D:10     | Found an opulent altar of Gozag.
 28597 | D:10     | Found a shimmering blue altar of Sif Muna.
 28639 | D:12     | Identified the Guidebook on Injury
 28639 | D:12     | Killed a tengu reaver
 28710 | D:12     | Identified the +1 robe "Plog" {rElec}
 28726 | D:12     | Learned a level 5 spell: Silence
 28793 | Orc:1    | Entered Level 1 of the Orcish Mines
 28811 | Orc:1    | Noticed Jorgrun
 28811 | Orc:1    | Killed Jorgrun
 28812 | Orc:1    | Reached skill level 1 in Air Magic
 29022 | Orc:1    | Identified the +12 dagger "Dragon's Tongue" {antimagic,
                  | *Noise Str+6}
 29110 | Orc:1    | Identified the +3 rapier of Jamnog {flame, rPois rF- Int+7
                  | Dex+3}
 29155 | Orc:1    | Identified the staff of Guile {*Corrode rF+ rC+ Necro Ice
                  | Alchemy}
 29256 | Orc:1    | Reached skill level 5 in Air Magic
 30099 | Orc:1    | Found a runed translucent gate.
 30115 | Orc:1    | Found a runed translucent gate.
 30115 | Orc:1    | Found a runed translucent gate.
 30118 | Orc:1    | Noticed barkas's ghost (journeyman CeMo)
 30123 | Orc:1    | Killed barkas's ghost
 30390 | D:4      | Bought an amulet of reflection for 330 gold pieces
 30655 | Orc:2    | Entered Level 2 of the Orcish Mines
 30706 | Orc:2    | Found a staircase to the Elven Halls.
 31053 | Orc:2    | Found Gegex's Magic Scroll Shop.
 31058 | Orc:2    | Bought a scroll of enchant armour for 82 gold pieces
 31058 | Orc:2    | Bought a scroll of fear for 44 gold pieces
 31058 | Orc:2    | Bought a scroll of enchant armour for 82 gold pieces
 31122 | Orc:2    | Found a burning altar of Makhleb.
 31653 | Orc:2    | Reached XP level 18. HP: 108/108 MP: 30/30
 31675 | Orc:2    | Found Goguhun's Armour Boutique.
 31677 | Orc:2    | Found Jomerr's Weapon Shoppe.
 31687 | Orc:2    | Found Zopsa's Armour Shoppe.
 31689 | Orc:2    | Found Qicwe's Distillery.
 31692 | Orc:2    | Bought a +1 pair of boots of flying for 198 gold pieces
 31694 | Orc:2    | Bought a potion of mutation for 136 gold pieces
 31694 | Orc:2    | Bought a potion of resistance for 170 gold pieces
 31694 | Orc:2    | Bought a potion of heal wounds for 85 gold pieces
 31694 | Orc:2    | Bought a potion of might for 68 gold pieces
 31694 | Orc:2    | Bought a potion of curing for 51 gold pieces
 32061 | Shoals:1 | Entered Level 1 of the Shoals
 32064 | Shoals:1 | Noticed Roxanne
 32399 | Shoals:1 | Noticed a kraken
 32418 | Shoals:1 | Killed a kraken
 32732 | Shoals:1 | Found Xyeluiss's Vocational Training.
 32737 | Shoals:1 | Bought a manual of Evocations for 1280 gold pieces
 34157 | Shoals:2 | Reached skill level 15 in Evocations
 35268 | Shoals:3 | Noticed Polyphemus
 35345 | Shoals:3 | Killed Polyphemus
 35872 | Shoals:3 | Identified the +1 animal skin of Untruth {-Cast Str+4 SInv}
 36108 | Shoals:3 | Reached XP level 19. HP: 77/114 MP: 31/31
 36931 | Shoals:4 | Entered Level 4 of the Shoals
 36937 | Shoals:4 | Noticed Ilsuiw
 36983 | Shoals:4 | Killed Ilsuiw
 37430 | Shoals:4 | Found Pyruryupp's Book Shop.
 38033 | Shoals:4 | Got a barnacled rune of Zot
 38048 | Shoals:4 | Found a runed translucent gate.
 38049 | Shoals:4 | Found a runed translucent gate.
 38065 | Shoals:4 | Found a runed translucent gate.
 38148 | Shoals:4 | Identified the +0 mace "Wetwov" {freeze, rF+ Will- Dex+4}
 38604 | Shoals:4 | Noticed Nikola
 38643 | Shoals:4 | Killed Nikola
 38952 | Shoals:4 | Identified the ring "Jumax" {+Blink rN+++ MP+9 Dex-4
                  | Stlth-}
 40289 | Snake:1  | Entered Level 1 of the Snake Pit
 40348 | Snake:1  | Noticed Asterion
 40348 | Snake:1  | Killed Asterion
 40541 | Snake:1  | Noticed Frances
 40541 | Snake:1  | Killed Frances
 41320 | Snake:2  | Noticed Agnes
 41320 | Snake:2  | Killed Agnes
 41338 | Snake:2  | Reached XP level 20. HP: 122/122 MP: 32/35
 42716 | Snake:3  | Reached skill level 10 in Air Magic
 42769 | Snake:3  | Noticed Vashnia
 43031 | Snake:3  | Killed Vashnia
 43032 | Snake:3  | Reached skill level 10 in Hexes
 43245 | Snake:3  | Found Ybaurir's Antique Armour Emporium.
 43517 | Snake:3  | Found a runed translucent gate.
 43517 | Snake:3  | Found a runed translucent gate.
 43517 | Snake:3  | Found a runed translucent gate.
 43567 | Snake:3  | Noticed Hirghin's ghost (adept DrBe)
 43820 | Snake:4  | Entered Level 4 of the Snake Pit
 44266 | Snake:4  | Reached skill level 10 in Spellcasting
 44685 | Snake:4  | Found a radiant altar of Vehumet.
 44710 | Snake:4  | Identified the +8 great sword of Dullness {flame, rPois
                  | SInv}
 45009 | Snake:4  | Reached skill level 10 in Fighting
 46133 | Snake:4  | Got a serpentine rune of Zot
 46490 | Shoals:4 | Noticed cdecastro's ghost (adept HuIE)
 46490 | Shoals:4 | Noticed toastdancer's ghost (adept GnHW)
 46531 | Shoals:4 | Killed cdecastro's ghost
 46630 | Shoals:4 | Killed toastdancer's ghost
 46631 | Shoals:4 | Reached XP level 21. HP: 134/134 MP: 38/38
 47288 | Elf:1    | Entered Level 1 of the Elven Halls
 48477 | Elf:1    | Identified the serpent talisman "Riec" {rC- rN++ Int+4}
 48477 | Elf:1    | Noticed Aizul
 48477 | Elf:1    | Killed Aizul
 48482 | Elf:1    | Identified the +4 barding "Sixtaw" {Str+3}
 48483 | Elf:1    | Found Kattacemn's Weapon Shoppe.
 48819 | Elf:2    | Found a crumbling gateway.
 48845 | Desolati | Entered the Desolation of Salt
 49198 | Desolati | Reached skill level 15 in Fighting
 49248 | Desolati | Reached skill level 10 in Shields
 49513 | Desolati | Identified the Codex of Caustic Combat Magic
 49550 | Desolati | Identified the Omnibus of Chilly Terrain
 49550 | Desolati | Identified the Monograph on Venin and the Lithosphere
 49746 | Desolati | Identified the ring of Iduunn {rC+++ rN+ Str-2 Int-5
                  | Slay+5}
 50255 | Desolati | Identified the ring of Oheke {rElec rC+ rCorr Int+6}
 50255 | Desolati | Identified the ring of Dishonesty {rPois rC+}
 50257 | Desolati | Identified the +8 orcbow "Cime" {heavy, rC++ Int-3}
 50399 | Desolati | Reached XP level 22. HP: 145/145 MP: 33/38
 51009 | Elf:2    | Found Istrebry's Book Shoppe.
 51151 | Elf:2    | Found a runed translucent gate.
 51151 | Elf:2    | Found a runed translucent gate.
 51151 | Elf:2    | Found a runed translucent gate.
 52289 | Elf:3    | Entered Level 3 of the Elven Halls
 54203 | Elf:3    | Paralysed by an air elemental for 1 turns
 54367 | Elf:3    | Identified the +1 ring mail "Qejuxatt" {Harm rF+}
 54591 | Elf:3    | Identified the ring of the Shouting Gods {rPois rN+ MP+9
                  | Dex+3 Slay-5}
 54656 | Elf:3    | Identified the +8 shortbow of the Big Bang {freeze, rC+
                  | SInv}
 54660 | Elf:3    | Found the +3 crown of Dyrovepreva {rElec Int+2 SInv}
 54665 | Elf:3    | Identified the Atlas of Lamentation
 54667 | Elf:3    | Identified the +2 arbalest of Mashing Instant Death {penet,
                  | MP+9 Int+3 Dex+3}
 54680 | Elf:3    | Identified the +7 trident of the Cursing Shrike {flame,
                  | rElec Int-5 Dex+2}
 54715 | Elf:3    | Identified the +7 quarterstaff of Shame {antimagic, rF+
                  | rC+}
 54717 | Elf:3    | Identified the Vellum of Polluted Assaults
 55309 | Shoals:1 | Killed Roxanne
 55310 | Shoals:1 | Reached XP level 23. HP: 152/152 MP: 40/40
 55470 | Vaults:1 | Entered Level 1 of the Vaults
 55545 | Vaults:1 | Found a huge runed translucent gate.
 55545 | Vaults:1 | Found a huge runed translucent gate.
 55545 | Vaults:1 | Found a huge runed translucent gate.
 55547 | Vaults:1 | Found a huge runed translucent gate.
 55547 | Vaults:1 | Found a huge runed translucent gate.
 55548 | Vaults:1 | Found a huge runed translucent gate.
 55549 | Vaults:1 | Found a huge runed translucent gate.
 55550 | Vaults:1 | Found a huge runed translucent gate.
 55551 | Vaults:1 | Found a huge runed translucent gate.
 55552 | Vaults:1 | Found a huge runed translucent gate.
 55553 | Vaults:1 | Found a huge runed translucent gate.
 55554 | Vaults:1 | Found a huge runed translucent gate.
 55554 | Vaults:1 | Found a huge runed translucent gate.
 55555 | Vaults:1 | Found a huge runed translucent gate.
 56289 | Vaults:1 | Found Ypadyr's Weapon Boutique.
 56819 | Vaults:1 | Found a huge runed translucent gate.
 56820 | Vaults:1 | Found a huge runed translucent gate.
 56821 | Vaults:1 | Found a huge runed translucent gate.
 56822 | Vaults:1 | Found a huge runed translucent gate.
 56823 | Vaults:1 | Found a huge runed translucent gate.
 56824 | Vaults:1 | Found a huge runed translucent gate.
 56825 | Vaults:1 | Found a huge runed translucent gate.
 56825 | Vaults:1 | Found a huge runed translucent gate.
 56826 | Vaults:1 | Found a huge runed translucent gate.
 56848 | Vaults:1 | Found a huge runed translucent gate.
 56849 | Vaults:1 | Found a huge runed translucent gate.
 56850 | Vaults:1 | Found a huge runed translucent gate.
 56851 | Vaults:1 | Found a huge runed translucent gate.
 56852 | Vaults:1 | Found a huge runed translucent gate.
 56853 | Vaults:1 | Found a huge runed translucent gate.
 56854 | Vaults:1 | Found a huge runed translucent gate.
 56854 | Vaults:1 | Found a huge runed translucent gate.
 56856 | Vaults:1 | Found a huge runed translucent gate.
 56903 | Vaults:1 | Found a huge runed translucent gate.
 56904 | Vaults:1 | Found a huge runed translucent gate.
 56905 | Vaults:1 | Found a huge runed translucent gate.
 56906 | Vaults:1 | Found a huge runed translucent gate.
 57345 | Vaults:2 | Found a magical portal.
 57360 | Vaults:2 | Noticed Norris
 57364 | Vaults:2 | Killed Norris
 57431 | Vaults:2 | Found a flickering gateway to a bazaar.
 57437 | Bazaar   | Entered a bazaar
 57440 | Bazaar   | Found Inebo's Antique Armour Shoppe.
 57455 | Bazaar   | Found Olidda's Magic Scroll Emporium.
 57459 | Bazaar   | Bought a scroll of fear for 52 gold pieces
 57459 | Bazaar   | Bought a scroll of fear for 52 gold pieces
 57459 | Bazaar   | Bought 2 scrolls of fog for 104 gold pieces
 57459 | Bazaar   | Bought a scroll of blinking for 97 gold pieces
 57459 | Bazaar   | Bought a scroll of fear for 52 gold pieces
 57459 | Bazaar   | Bought a scroll of fog for 52 gold pieces
 57463 | Bazaar   | Found Surag's Assorted Antiques.
 57468 | Bazaar   | Bought a potion of heal wounds for 115 gold pieces
 57478 | Bazaar   | Found Qooviol's Assorted Antiques.
 57483 | Bazaar   | Bought a scroll of enchant weapon for 202 gold pieces
 57483 | Bazaar   | Bought a scroll of teleportation for 81 gold pieces
 57483 | Bazaar   | Bought a wand of roots (6) for 388 gold pieces
 57483 | Bazaar   | Bought a scroll of fog for 108 gold pieces
 57549 | WizLab   | Entered Lehudib's Moon Base
 57941 | WizLab   | Identified the ring "Botosya" {Ice Will+}
 58040 | WizLab   | Found a transporter.
 58318 | WizLab   | Found a transporter.
 58322 | WizLab   | Reached XP level 24. HP: 157/157 MP: 40/40
 58995 | Vaults:2 | Noticed Bai Suzhen
 58997 | Vaults:2 | Killed Bai Suzhen
 59006 | Vaults:2 | Noticed Donald
 59010 | Vaults:2 | Killed Donald
 59293 | Vaults:2 | Found a staircase to the Crypt.
 59992 | Vaults:2 | Noticed Boris
 59996 | Vaults:2 | Killed Boris
 61162 | Vaults:3 | Reached ****** piety under Ashenzari
 61170 | Vaults:3 | Identified the +2 leather armour of Hontiawn {rF++ Str-3}
 61171 | Vaults:3 | Identified the +6 whip of Death {freeze, rC- Will+ rCorr
                  | Dex+3}
 61859 | Vaults:4 | Identified the +8 dagger of Charmed Duty {flame, *Noise
                  | +Blink rC+ MP+9}
 61884 | Vaults:4 | Identified the +2 morningstar of Agony {freeze, MP+9 Str+3}
 62188 | Vaults:4 | Identified the +3 leather armour of Rex Haid {*Slow rPois
                  | Will+ Str+2}
 62490 | Vaults:4 | Reached XP level 25. HP: 164/164 MP: 40/40
 62528 | Vaults:4 | Found Seepsuiclu's Book Shoppe.
 63354 | Vaults:4 | Identified the +0 battleaxe of Ascent {flame, Fly rN+ Will+
                  | Dex-5}
 63522 | Vaults:4 | Identified the +9 plate armour "Sanueg" {rC+ Int+2}
 63524 | Vaults:4 | Identified the +10 plate armour of Wunit {Str+2}
 63577 | Vaults:4 | Identified the amulet of Liysm {Spirit rElec rCorr Dex+6}
 63896 | Vaults:5 | Entered Level 5 of the Vaults
 63896 | Vaults:5 | Noticed Boris
 63944 | Vaults:4 | Killed Boris
 64951 | Vaults:5 | Identified the +1 ring mail of the Trees {rElec rF+ rCorr
                  | Dex+3}
 65246 | Vaults:5 | Identified the +8 battleaxe "Fauh" {venom, rN++ Dex+3}
 65439 | Vaults:5 | Identified the +1 plate armour of Wole {+Inv rF- Regen+
                  | rCorr}
 65439 | Vaults:5 | Identified the ring "Basir" {Fly rC+ Str-5 Dex+2}
 65439 | Vaults:5 | Identified the ring of Ananeaf {rElec rPois Str-5 SInv}
 65440 | Vaults:5 | Identified the +1 shortbow of Defenestration {freeze, rN++}
 65440 | Vaults:5 | Identified the scarf "Lagyi" {rC+ rF+, Str+3}
 65449 | Vaults:5 | Got a silver rune of Zot
 65665 | Vaults:5 | Noticed a dread lich
 65686 | Vaults:5 | Killed a dread lich
 65883 | Vaults:5 | Reached XP level 26. HP: 177/177 MP: 40/40
 66033 | Vaults:4 | Bought a manual of Shields for 1680 gold pieces
 66220 | Vaults:5 | Noticed a dread lich
 66224 | Vaults:5 | Killed a dread lich
 66684 | Vaults:5 | Noticed an ancient lich
 66689 | Vaults:5 | Killed an ancient lich
 66690 | Vaults:5 | Reached skill level 15 in Shields
 67766 | Vaults:5 | Identified the ring of Dukluim {rN+ Int+3}
 67770 | Vaults:5 | Identified the +6 mace of Laceration {drain, ^Fragile rElec
                  | Str+5 Int+2}
 68349 | Depths:1 | Entered Level 1 of the Depths
 68635 | Depths:1 | Found a portal to a secret trove of treasure.
 69123 | Depths:1 | You paid a toll of +4 shadow dragon scales to enter a
                  | treasure trove
 69124 | Trove    | Entered a treasure trove
 69126 | Trove    | Identified the ring "Fedghobu" {Fly Slay+4}
 69126 | Trove    | Identified the ring of Mifad {Fire SInv}
 69126 | Trove    | Identified the ring "Oraull" {rN+ rCorr}
 69126 | Trove    | Identified the ring "Jirit" {rC+ rN+ MP+9 Str-2 Dex+4}
 69127 | Trove    | Identified the ring "Kimisaal" {rN+ Slay+4}
 69127 | Trove    | Identified the ring "Ecrejotopt" {rF++ rN+ MP+9 Str+6
                  | Int-4}
 69305 | Depths:1 | Found a gateway to Hell.
 69446 | Depths:1 | Found a basalt altar of Yredelemnul.
 69790 | Depths:2 | Found a one-way gateway to a ziggurat.
 69858 | Depths:2 | Reached XP level 27. HP: 184/184 MP: 40/40
 70001 | Depths:2 | Identified the +2 chain mail of Guite {rElec}
 70037 | Depths:2 | Found a one-way gate leading to the halls of Pandemonium.
 71445 | Depths:2 | Paralysed by a sphinx for 2 turns
 71639 | Depths:2 | Identified the amulet "Cykulef" {Faith rPois rCorr MP+9}
 73369 | Depths:3 | Noticed a juggernaut
 73388 | Depths:3 | Killed a juggernaut
 73469 | Depths:3 | Noticed a juggernaut
 73471 | Depths:3 | Noticed a juggernaut
 73492 | Depths:3 | Killed a juggernaut
 73531 | Depths:3 | Killed a juggernaut
 73702 | Depths:3 | Found a one-way gate to the infinite horrors of the Abyss.
 73987 | Depths:4 | Entered Level 4 of the Depths
 74017 | Depths:4 | Found Qeofitah's Antique Weapon Shoppe.
 74217 | Depths:4 | Identified a scroll of acquirement
 74399 | Depths:4 | Acquired 1047 gold pieces
 74405 | Depths:4 | Found a gate to the Realm of Zot.
 74763 | Depths:4 | Noticed Vv
 74765 | Depths:4 | Killed Vv
 74804 | Depths:4 | Identified Ahyklal's Codex of Burning
 74933 | Depths:4 | Found a burning altar of Makhleb.
 75200 | Zot:1    | Entered Level 1 of the Realm of Zot
 75407 | Zot:1    | Identified the +1 pair of boots "Veate" {*Corrode +Blink
                  | Will+++ Slay+2}
 78860 | Zot:3    | Noticed a Killer Klown
 78860 | Zot:3    | Killed a Killer Klown
 79752 | Zot:4    | Reached skill level 10 in Armour
 79875 | Zot:4    | Noticed a Killer Klown
 79879 | Zot:4    | Killed a Killer Klown
 80811 | Zot:5    | Entered Level 5 of the Realm of Zot
 80962 | Zot:5    | Identified the +11 halberd "Caeraics" {flame, rF+ Int+4
                  | SInv}
 81510 | Zot:5    | Noticed an ancient lich
 81562 | Zot:5    | Killed an ancient lich
 81668 | Zot:5    | Noticed a Killer Klown
 81691 | Zot:5    | Killed a Killer Klown
 81735 | Zot:5    | Noticed an orb of fire
 81737 | Zot:5    | Gained mutation: You are frail. (-10% HP) [an orb of fire]
 81740 | Zot:5    | Gained mutation: You are occasionally teleported next to
                  | monsters. [an orb of fire]
 81745 | Zot:5    | Gained mutation: You do not regenerate when monsters are
                  | visible. [an orb of fire]
 81750 | Zot:5    | Gained mutation: Your magical capacity is low. (-10% MP)
                  | [an orb of fire]
 81760 | Zot:5    | Gained mutation: You are vulnerable to cold. (rC-) [an orb
                  | of fire]
 81762 | Zot:5    | Killed an orb of fire
 81763 | Zot:5    | Lost mutation: Your magical capacity is low. (-10% MP)
                  | [potion of mutation]
 81763 | Zot:5    | Lost mutation: You do not regenerate when monsters are
                  | visible. [potion of mutation]
 81763 | Zot:5    | Lost mutation: You are occasionally teleported next to
                  | monsters. [potion of mutation]
 81763 | Zot:5    | Gained mutation: You are strong-willed. (Will+) [potion of
                  | mutation]
 81763 | Zot:5    | Gained mutation: You have large cloven feet. [potion of
                  | mutation]
 81763 | Zot:5    | Gained mutation: Your natural rate of healing is unusually
                  | fast. [potion of mutation]
 81802 | Zot:5    | Noticed a dread lich
 81818 | Zot:5    | Killed a dread lich
 81859 | Zot:5    | Noticed a Killer Klown
 81870 | Zot:5    | Killed a Killer Klown
 82018 | Zot:5    | Identified the Vellum of Gelid Turbulence
 82019 | Zot:5    | Noticed a Killer Klown
 82024 | Zot:5    | Killed a Killer Klown
 82025 | Zot:5    | Identified the +0 flail of Geumoen {freeze, rElec rF+ rC-
                  | Dex+3}
 82584 | Zot:5    | Got the Orb of Zot
 83169 | D:$      | Escaped with the Orb!

Illustrated notes

Levels and vault maps discovered:
D:1:      kilobyte_arrival_exit_the_forest, layout_rooms,
          dreamdust_princess_corridor, minmay_indecisive_spiral
D:2:      layout_basic, shapermc_ecumenical_altar_notcrosses, hex_large,
          uniq_robin
D:3:      layout_basic, mainiacjoe_overflow_chevrons,
          nicolae_overflow_crystal_walls, minmay_misc_feat_diagonals
D:4:      layout_loops_corners, mainiacjoe_overflow_brackets, serial_undead,
          serial_undead_e, serial_undead_f, serial_undead_b, serial_undead_d,
          minmay_misc_feat_enclosed, chequers_serial_rivers_small_a,
          grunt_decor_resistance, minivault_11,
          nicolae_shop_sticking_my_neck_out, uniq_natasha
D:5:      layout_loops_ring, xom_redecorated,
          minmay_temple_entry_statues_pillars, grunt_decor_clamped,
          hangedman_abyss_or_decor_lesser_grid, uniq_menkaure
D:6:      layout_loops_ring, chequers_serial_rivers_marsh, minivault_1,
          mumra_transporter_accident, uniq_blork_the_orc
D:7:      lemuel_insect_pit, layout_cave_pods, nicolae_ru_sacrificial_ziggurat,
          general_overflow_altar, enter_bailey_2, minivault_19,
          kennysheep_small_spiral
D:8:      layout_cave_pools, nicolae_vehumet_altar_sigil,
          evilmike_ruin_ashenzari, dancing_weapons_uskayaw, solitary_fountain,
          kennysheep_flooded_box
D:9:      layout_grid_maze, lair_entry_dummy
D:10:     layout_stronghold, nicolae_overflow_hidden_temple,
          serial_bayou_pond_a, minivault_28
D:11:     layout_cave_pods
D:12:     minmay_heptahexagon, layout_irregular_city,
          kennysheep_orc_monster_closet_entryway, chequers_arboretum,
          minmay_sticks_and_stones
D:13:     layout_loops_corners, serial_ice, serial_ice_o, serial_ice_h,
          serial_ice_b, serial_ice_a, serial_ice_f, serial_ice_n, serial_ice_e,
          serial_ice_m, portal_ice_cave_entry_pillars_1, uniq_sonja
D:14:     thingy_vault, layout_irregular_city, hellmonk_vaults_order_and_chaos,
          nicolae_titane, amcnicky_mini_pool_small, wad_mini_maze
D:15:     grunt_enter_depths_snipers, layout_irregular_city,
          minmay_misc_feat_plants
Temple:   hellmonk_temple_beads
Lair:1:   layout_regular_city
Lair:2:   layout_cave_shapes, ebering_ghost_rock_garden, dreamdust_wasp_nest,
          serial_bayou_shore_a
Lair:3:   layout_regular_city, elwin_shoals_entry_stream, dummy_snake_entry,
          pond, grunt_megastairs_4, uniq_josephine
Lair:4:   layout_cellular_growth, infiniplex_staircase_pool, grunt_megastairs_5
Lair:5:   due_jungle_book, layout_misc_corridors,
          nicolae_slime_entry_slimehenge, nzn_sisyphean_effort, uniq_rupert
Shoals:1: layout_shoals, nicolae_shop_vocational, uniq_roxanne
Shoals:2: layout_shoals, nicolae_tricolors
Shoals:3: argonaut_golden_fleece, layout_shoals, uniq_polyphemus
Shoals:4: shoals_end_simple, layout_shoals, shoals_ilsuiw_alternative,
          gammafunk_ghost_cemetery, serial_shops, nicolae_diamond_shop,
          nicolae_shoals_seven_spires, uniq_nikola
Snake:1:  layout_cave_shapes, uniq_asterion, uniq_frances
Snake:2:  layout_honeycomb, uniq_agnes
Snake:3:  layout_misc_corridors, serial_shops, shop, gammafunk_ghost_necromancy,
          uniq_vashnia
Snake:4:  grunt_snake_rune_pools, layout_cave_town, lemuel_oklob_altar
Orc:1:    giant_chief_lemuel, layout_caves, ebering_ghost_rock_garden,
          uniq_jorgrun
Orc:2:    st_orc_elflike, layout_diamond_mine, basic_altar, serial_shops, shop
Elf:1:    layout_loops_corners, serial_shops, shop,
          nicolae_elf_blasts_and_bolts, uniq_aizul
Elf:2:    elven_hall_of_blades_hangedman_original
          [nicolae_blade_entry_sentries_behind_glass], layout_loops_ring,
          serial_shops, shop, portal_desolation_entry_salt
Elf:3:    minmay_elf_hall_curves, layout_gridlike, minmay_librarian
Vaults:1: not_door_vault_mu, nicolae_vaults_three_branches,
          nicolae_vaults_storage_room_water, vaults_dpeg_cross, v_pattern_4,
          nicolae_vaults_little_squares_1,
          nicolae_vaults_taking_the_gang_shopping, grunt_vaults_twisty,
          vaults_dpeg_doors, nicolae_vaults_more_shelving_2,
          vaults_dpeg_encased_lava, nicolae_vaults_heart-shaped_vault,
          nicolae_vaults_trapezoid_layered, layout_vaults_maze
Vaults:2: mu_enter_wizlab_1, minmay_crypt_entry_simple_statues,
          nicolae_vaults_closet_pinwheel_4, hangedman_vaults_restitches,
          nicolae_vaults_tetromino_L_1, nicolae_vaults_trapezoid_4,
          v_alt_pattern_4, vaults_room_hallway,
          nicolae_vaults_trapezoid_lopsided_2, nicolae_vaults_turnstiles,
          v_misc_2, ontoclasm_vaults_loading_screen, hangedman_vaults_impose,
          nicolae_vaults_diamond_1, layout_vaults_ring, serial_shops,
          bzr_firewalk, uniq_bai_suzhen, uniq_donald, uniq_norris, uniq_boris
Vaults:3: nicolae_vaults_weapon_check, nicolae_vaults_ninety_degrees,
          nicolae_vaults_double_plus_2, nicolae_vaults_surprise_closet,
          vaults_room_hallway, nicolae_vaults_surprise_closet_hard,
          layout_vaults_omnigrid
Vaults:4: hangedman_vaults_slice, v_pattern_1, v_misc_28,
          nicolae_vaults_mini_display_case, nicolae_vaults_closet_pinwheel_3,
          st_greater_box_2, nicolae_vaults_house_3,
          nicolae_vaults_trapezoid_lopsided_1, layout_vaults_chaotic_city,
          serial_shops, nicolae_shop_crystal
Vaults:5
Depths:1: layout_twisted_cross, enter_trove_6, hex_tiny, lightli_too_deep,
          lemuel_zombie_altar_yredelemnul
Depths:2: minmay_octagon_city, layout_long_grid, enter_ziggurat_f,
          pf_hell_entry_tar_river, grunt_pan_entry_in_and_out, evilmike_minifort
Depths:3: grunt_runaround [grunt_runaround_loot, grunt_runaround_doors_1,
          grunt_runaround_doors_2, grunt_runaround_doors_3,
          grunt_runaround_doors_4], serial_shops, hell_entry, abyss_entry
Depths:4: grunt_zot_entry_bicorn, layout_gridlike, hangedman_abyss_entry_splay,
          hangedman_geh_valley, makhleb_altar_promises_db, minmay_shop_star,
          uniq_vv
Zot:1:    layout_gridlike, grunt_megastairs_2, uniq_josephina
Zot:2:    layout_twisted_circle
Zot:3:    layout_basic
Zot:4:    ebering_greatest_show_in_zot, layout_onion
Zot:5:    layout_cathedral_of_symmetry

Skill      XL: |  1  2  3  4  5  6  7  8  9 10 11 12 13 14 15 16 17 18 19 20 21 22 23 24 25 26 27 |
---------------+----------------------------------------------------------------------------------+-----
Short Blades   | 1 2 3 6 7 10 11 13 16 19 20 23 25 | 25.9
Fighting       | 1 3 5 9 12 15 17 19 25 | 25.7
Stealth        | 5 10 12 15 17 18 23 | 23.9
Dodging        | 5 10 11 14 16 17 18 21 24 | 24.0
Throwing       | 1 5 8 |  8.0
Armour         | 4 5 6 8 9 14 | 14.9
Evocations     | 6 7 10 16 19 | 19.6
Shields        | 5 9 12 17 | 17.1
Earth Magic    | 5 |  5.6
Hexes          | 5 9 10 | 10.1
Ice Magic      | 5 |  5.4
Spellcasting   | 6 8 10 | 10.0
Air Magic      | 6 8 10 | 10.0
Conjurations   | |  1.0

Action                     |  1- 3 |  4- 6 |  7- 9 | 10-12 | 13-15 | 16-18 | 19-21 | 22-24 | 25-27 || total
---------------------------+-------+-------+-------+-------+-------+-------+-------+-------+-------++-------
  Melee: Short sword       |    31 |   118 |   129 |   976 |  1489 |       |       |       |       ||  2743
         Dagger            |       |    82 |   214 |   115 |   148 |       |       |       |       ||   559
         Punch             |       |     1 |     7 |    20 |       |       |       |       |       ||    28
         Rapier            |       |       |       |       |   300 |  2021 |  1880 |  1569 |  4578 || 10348
  Throw: Dart              |       |     8 |     5 |    20 |    40 |    10 |    17 |     9 |    40 ||   149
         Throwing net      |       |       |       |       |       |     1 |       |       |     2 ||     3
   Cast: Sandblast         |    33 |    14 |       |       |       |       |       |       |       ||    47
         Passwall          |       |       |       |       |    17 |    15 |    48 |     8 |    33 ||   121
         Ensorcelled Hiber |       |       |       |       |       |     3 |     2 |       |       ||     5
         Silence           |       |       |       |       |       |       |    65 |    78 |   151 ||   294
 Invoke: Curse Item        |       |       |       |     6 |     3 |     5 |     1 |     4 |     1 ||    20
         Shatter the Chain |       |       |       |       |     1 |     5 |     2 |     1 |     1 ||    10
  Evoke: Wand              |       |       |       |     4 |     8 |     5 |     2 |       |       ||    19
         Phantom mirror    |       |       |       |       |     1 |       |       |       |     2 ||     3
         Lightning rod     |       |       |       |       |       |     4 |       |       |       ||     4
         Sack of spiders   |       |       |       |       |       |     1 |       |     1 |     2 ||     4
    Use: Scroll            |       |     4 |     1 |     1 |     5 |    11 |     6 |     7 |     6 ||    41
         Potion            |       |       |     1 |     3 |     6 |     2 |     3 |     2 |     7 ||    24
   Stab: Sleeping          |     2 |    12 |    40 |    58 |    72 |   136 |   202 |   210 |   331 ||  1063
         Distracted        |       |       |     1 |     3 |    17 |    17 |     8 |     1 |    18 ||    65
         Petrified         |       |       |       |     1 |     2 |     2 |       |       |       ||     5
         Invisible         |       |       |       |       |     3 |       |       |       |    10 ||    13
         Held in net/web   |       |       |       |       |       |     3 |       |       |     4 ||     7
         Petrifying        |       |       |       |       |       |     2 |       |       |       ||     2
         Confused          |       |       |       |       |       |       |       |     1 |       ||     1
 Armour: Robe              |     7 |    83 |    78 |   181 |   326 |   330 |   204 |    83 |       ||  1292
         Skin              |       |       |       |    10 |       |       |       |       |       ||    10
         Quicksilver drago |       |       |       |       |       |       |       |     9 |       ||     9
         Troll leather arm |       |       |       |       |       |       |       |    53 |   525 ||   578
  Dodge: Dodged            |    13 |   104 |   139 |   424 |   920 |   778 |   572 |   433 |  1505 ||  4888
  Block: Buckler           |       |       |       |    58 |   272 |    44 |       |       |       ||   374
         Kite shield       |       |       |       |       |       |  1474 |  1619 |  1137 |  3440 ||  7670
         Reflection        |       |       |       |       |       |    46 |   116 |    36 |    44 ||   242
